TOP OF THE 1ST |
Montana Pandas batting - Pitching for Kingston Township Knights : LHP Pete Rhue
|
Pitching: LHP Pete Rhue
|
|
Batting: LHB António González
|
0-0: Foul Ball, location: 2F 0-1: Ball 1-1: Ball 2-1: Swinging Strike 2-2: Foul Ball, location: 2F 2-2: Foul Ball, location: 2F 2-2: Fly out, F8 (Line Drive, 8RD, EV 89.4 MPH)
|
Batting: RHB Francisco Agámez
|
0-0: Called Strike 0-1: Swinging Strike 0-2: Ball 1-2: Ball 2-2: SINGLE (Groundball, 4MD, EV 101.9 MPH)
|
Batting: LHB DeMarvion Overshown
|
0-0: Fly out, F8 (Flyball, 8RD, EV 83.8 MPH)
|
Batting: RHB Raúl Ruíz
|
0-0: Called Strike 0-1: Ball 1-1: Called Strike 1-2: Foul Ball, location: 2F 1-2: Foul Ball, location: 2F 1-2: Ball 2-2: Fielders Choice at 2nd, 6-4 (Groundball, 6, EV 101.2 MPH)
|
Top of the 1st over - 0 runs, 1 hit, 0 errors, 1 left on base; Montana 0 - Kingston Township 0 |
BOTTOM OF THE 1ST |
Kingston Township Knights batting - Pitching for Montana Pandas : RHP Jaime van de Weideven
|
Pitching: RHP Jaime van de Weideven
|
|
Batting: RHB Khal Drogo
|
0-0: Foul Ball, location: 2F 0-1: Ball 1-1: Called Strike 1-2: Ball 2-2: Foul Ball, location: 2F 2-2: Foul Ball, location: 2F 2-2: Foul Ball, location: 2F 2-2: Foul Ball, location: 2F 2-2: SINGLE (Groundball, 4MD, EV 93.8 MPH)
|
Batting: RHB Daniel Maldonado
|
0-0: Ball 1-0: Ball 2-0: Ball 3-0: Swinging Strike 3-1: Fielders Choice at 2nd, 4-6 (Groundball, 34, EV 91.9 MPH)
|
Batting: RHB Holden Ford
|
0-0: Ball 1-0: Called Strike 1-1: Foul Ball, location: 2F 1-2: Ball 2-2: SINGLE (Groundball, 56D, EV 94.4 MPH) Daniel Maldonado to second
|
Batting: RHB Takenao Wakabayashi
|
0-0: Called Strike 0-1: Called Strike 0-2: Ball 1-2: Foul Ball, location: 2F 1-2: Ball 2-2: Foul Ball, location: 2F 2-2: Ball 3-2: Strikes out swinging Holden Ford is caught stealing 2nd base 2-4 Daniel Maldonado steals 3rd base Batter strikes out.
|
Bottom of the 1st over - 0 runs, 2 hits, 0 errors, 1 left on base; Montana 0 - Kingston Township 0 |
TOP OF THE 2ND |
Montana Pandas batting - Pitching for Kingston Township Knights : LHP Pete Rhue
|
Batting: RHB Alfredo Pizarro
|
0-0: Ball 1-0: Ground out 6-3 (Groundball, 6, EV 89.4 MPH)
|
Batting: LHB Pedro Gutiérrez
|
0-0: Swinging Strike 0-1: Ground out U3 (Groundball, 3L, EV 102.5 MPH)
|
Batting: RHB Kent Summey
|
0-0: Ball 1-0: Foul Ball, location: 2F 1-1: Swinging Strike 1-2: Strikes out looking
|
Top of the 2nd over - 0 runs, 0 hits, 0 errors, 0 left on base; Montana 0 - Kingston Township 0 |
BOTTOM OF THE 2ND |
Kingston Township Knights batting - Pitching for Montana Pandas : RHP Jaime van de Weideven
|
Batting: RHB Seong-ho Chong
|
0-0: Reached on error, E2 (Groundball, 13S, EV 66.2 MPH)
|
Batting: RHB Alfredo Cardenas
|
0-0: Ball 1-0: Foul Ball, location: 2F 1-1: Foul Ball, location: 2F 1-2: Foul Ball, location: 2F 1-2: Strikes out looking
|
Batting: RHB Zack McLean
|
0-0: Ball 1-0: Swinging Strike 1-1: Ball 2-1: Ball 3-1: Foul Ball, location: 2F 3-2: SINGLE (Groundball, 6MS, EV 74.4 MPH) (infield hit) Seong-ho Chong to third
|
Batting: RHB Glenn Curtis
|
0-0: Foul Ball, location: 2F 0-1: Ball 1-1: Ball 2-1: Called Strike 2-2: Foul Ball, location: 2F 2-2: SINGLE (Groundball, 6MD, EV 98.8 MPH) Seong-ho Chong scores Zack McLean to second
|
Batting: RHB Pancho Rodríguez
|
0-0: Called Strike Zack McLean steals 3rd base Glenn Curtis to second 0-1: Ground out 6-3 (Groundball, 6, EV 82.5 MPH) Zack McLean scores Glenn Curtis to third
|
Batting: RHB Khal Drogo
|
0-0: Ball 1-0: Called Strike 1-1: Fly out, F9 (Flyball, 9S, EV 79.4 MPH)
|
Bottom of the 2nd over - 2 runs, 2 hits, 1 error, 1 left on base; Montana 0 - Kingston Township 2 |
TOP OF THE 3RD |
Montana Pandas batting - Pitching for Kingston Township Knights : LHP Pete Rhue
|
Batting: SHB Melito Báez
|
0-0: Ball 1-0: Called Strike 1-1: Ball 2-1: Foul Ball, location: 2F 2-2: Ground out 5-3 (Groundball, 5D, EV 88.8 MPH)
|
Batting: RHB Kasper Schuilenberg
|
0-0: Called Strike 0-1: Swinging Strike 0-2: Ground out 1-3 (Groundball, 34S, EV 70.6 MPH)
|
Batting: LHB António González
|
0-0: SINGLE (Line Drive, 5D, EV 100.0 MPH)
|
Batting: RHB Francisco Agámez
|
0-0: SINGLE (Groundball, 6D, EV 103.1 MPH) António González to second
|
Batting: LHB DeMarvion Overshown
|
0-0: Called Strike 0-1: Foul Ball, location: 2F 0-2: 3-RUN HOME RUN (Flyball, 9D, EV 110.6 MPH), Distance : 429 ft
|
Batting: RHB Raúl Ruíz
|
0-0: Foul Ball, location: 2F 0-1: Ball 1-1: Ball 2-1: Ball 3-1: Fly out, F8 (Flyball, 78D, EV 108.1 MPH)
|
Top of the 3rd over - 3 runs, 3 hits, 0 errors, 0 left on base; Montana 3 - Kingston Township 2 |
BOTTOM OF THE 3RD |
Kingston Township Knights batting - Pitching for Montana Pandas : RHP Jaime van de Weideven
|
Batting: RHB Daniel Maldonado
|
0-0: Fly out, F6 (Line Drive, 6, EV 72.5 MPH)
|
Batting: RHB Holden Ford
|
0-0: Ball 1-0: SINGLE (Line Drive, 9S, EV 106.2 MPH)
|
Batting: RHB Takenao Wakabayashi
|
0-0: Ball 1-0: Ball 2-0: Fly out, F9 (Flyball, 9LS, EV 88.1 MPH)
|
Batting: RHB Seong-ho Chong
|
0-0: Ball 1-0: Called Strike 1-1: Ball 2-1: Ball 3-1: Fly out, F9 (Flyball, 9LD, EV 99.4 MPH)
|
Bottom of the 3rd over - 0 runs, 1 hit, 0 errors, 1 left on base; Montana 3 - Kingston Township 2 |
TOP OF THE 4TH |
Montana Pandas batting - Pitching for Kingston Township Knights : LHP Pete Rhue
|
Now in CF: Tony Goodwin
|
|
Batting: RHB Alfredo Pizarro
|
0-0: Ball 1-0: Swinging Strike 1-1: Fly out, F7 (Flyball, 7D, EV 85.0 MPH)
|
Batting: LHB Pedro Gutiérrez
|
0-0: Foul Ball, location: 2F 0-1: Foul Ball, location: 2F 0-2: Foul Ball, location: 2F 0-2: Foul Ball, location: 2F 0-2: Foul Ball, location: 2F 0-2: Ball 1-2: Ball 2-2: Fly out, F9 (Flyball, 9LMF, EV 90.6 MPH)
|
Batting: RHB Kent Summey
|
0-0: Ball 1-0: Called Strike 1-1: Ground out 6-3 (Groundball, 6, EV 84.4 MPH)
|
Top of the 4th over - 0 runs, 0 hits, 0 errors, 0 left on base; Montana 3 - Kingston Township 2 |
BOTTOM OF THE 4TH |
Kingston Township Knights batting - Pitching for Montana Pandas : RHP Jaime van de Weideven
|
Batting: LHB Tony Goodwin
|
0-0: Ground out 4-3 (Groundball, 4, EV 87.5 MPH)
|
Batting: RHB Zack McLean
|
0-0: Called Strike 0-1: Foul Ball, location: 2F 0-2: Ball 1-2: Strikes out swinging
|
Batting: RHB Glenn Curtis
|
0-0: Foul Ball, location: 2F 0-1: Fly out, F7 (Flyball, 78S, EV 77.5 MPH)
|
Bottom of the 4th over - 0 runs, 0 hits, 0 errors, 0 left on base; Montana 3 - Kingston Township 2 |
TOP OF THE 5TH |
Montana Pandas batting - Pitching for Kingston Township Knights : LHP Pete Rhue
|
Batting: SHB Melito Báez
|
0-0: Called Strike 0-1: Foul Ball, location: 2F 0-2: Ball 1-2: Ball 2-2: Foul Ball, location: 2F 2-2: Strikes out swinging
|
Batting: RHB Kasper Schuilenberg
|
0-0: Ball 1-0: Swinging Strike 1-1: Foul Ball, location: 2F 1-2: Fly out, F7 (Flyball, 78M, EV 91.9 MPH)
|
Batting: LHB António González
|
0-0: Ball 1-0: Swinging Strike 1-1: Ball 2-1: Foul Ball, location: 2F 2-2: Ball 3-2: DOUBLE (Groundball, 3L, EV 105.0 MPH)
|
Batting: RHB Francisco Agámez
|
0-0: Foul Ball, location: 2F 0-1: Swinging Strike 0-2: Strikes out swinging
|
Top of the 5th over - 0 runs, 1 hit, 0 errors, 1 left on base; Montana 3 - Kingston Township 2 |
BOTTOM OF THE 5TH |
Kingston Township Knights batting - Pitching for Montana Pandas : RHP Jaime van de Weideven
|
Batting: RHB Pancho Rodríguez
|
0-0: Ball 1-0: Called Strike 1-1: Ball 2-1: Called Strike 2-2: Ball 3-2: Strikes out looking
|
Pitching: RHP Domingo Velasco
|
|
Batting: RHB Khal Drogo
|
0-0: Called Strike 0-1: Ball 1-1: Fly out, F7 (Flyball, 78M, EV 85.0 MPH)
|
Batting: RHB Daniel Maldonado
|
0-0: Ball 1-0: Foul Ball, location: 2F 1-1: Fly out, F8 (Line Drive, 8RM, EV 96.9 MPH)
|
Bottom of the 5th over - 0 runs, 0 hits, 0 errors, 0 left on base; Montana 3 - Kingston Township 2 |
TOP OF THE 6TH |
Montana Pandas batting - Pitching for Kingston Township Knights : LHP Pete Rhue
|
Batting: LHB DeMarvion Overshown
|
0-0: SINGLE (Groundball, 34D, EV 95.0 MPH)
|
Batting: RHB Raúl Ruíz
|
0-0: Ball 1-0: Ball 2-0: Ball 3-0: Called Strike 3-1: Swinging Strike 3-2: Base on Balls DeMarvion Overshown to second
|
Pitching: RHP Jesús Acosta
|
|
Batting: RHB Alfredo Pizarro
|
0-0: Swinging Strike 0-1: Called Strike 0-2: Strikes out swinging
|
Batting: LHB Pedro Gutiérrez
|
0-0: Called Strike 0-1: Fly out, F8 (Flyball, 8RD, EV 86.2 MPH)
|
Batting: RHB Kent Summey
|
0-0: Called Strike 0-1: Ball 1-1: Fielders Choice at 2nd, 5-4 (Groundball, 56, EV 105.6 MPH)
|
Top of the 6th over - 0 runs, 1 hit, 0 errors, 2 left on base; Montana 3 - Kingston Township 2 |
BOTTOM OF THE 6TH |
Kingston Township Knights batting - Pitching for Montana Pandas : RHP Domingo Velasco
|
Batting: RHB Holden Ford
|
0-0: Ball 1-0: Called Strike 1-1: Foul Ball, location: 2F 1-2: Ground out 6-3 (Groundball, 6, EV 101.9 MPH)
|
Batting: RHB Takenao Wakabayashi
|
0-0: Called Strike 0-1: Foul Ball, location: 2F 0-2: Ball 1-2: Foul Ball, location: 2F 1-2: Ground out 4-3 (Groundball, 4M, EV 95.6 MPH)
|
Batting: RHB Seong-ho Chong
|
0-0: Ball 1-0: Swinging Strike 1-1: Swinging Strike 1-2: Fly out, F7 (Flyball, 78S, EV 86.9 MPH)
|
Bottom of the 6th over - 0 runs, 0 hits, 0 errors, 0 left on base; Montana 3 - Kingston Township 2 |
TOP OF THE 7TH |
Montana Pandas batting - Pitching for Kingston Township Knights : RHP Jesús Acosta
|
Batting: SHB Melito Báez
|
0-0: Ball 1-0: Called Strike 1-1: Fly out, F8 (Flyball, 8RM, EV 87.5 MPH)
|
Batting: RHB Kasper Schuilenberg
|
0-0: Ground out 4-3 (Groundball, 4, EV 86.9 MPH)
|
Batting: LHB António González
|
0-0: Called Strike 0-1: Ball 1-1: Foul Ball, location: 2F 1-2: Ball 2-2: Ball 3-2: Foul Ball, location: 2F 3-2: Base on Balls
|
Batting: RHB Francisco Agámez
|
0-0: Called Strike 0-1: Ground out 4-3 (Groundball, 34, EV 82.5 MPH)
|
Top of the 7th over - 0 runs, 0 hits, 0 errors, 1 left on base; Montana 3 - Kingston Township 2 |
BOTTOM OF THE 7TH |
Kingston Township Knights batting - Pitching for Montana Pandas : RHP Domingo Velasco
|
Batting: LHB Tony Goodwin
|
0-0: Foul Ball, location: 2F 0-1: DOUBLE (Line Drive, 5D, EV 96.9 MPH)
|
Pitching: RHP António Rodríguez
|
|
Batting: RHB Zack McLean
|
0-0: Called Strike 0-1: Ground out 1-3 (Groundball, 13, EV 88.1 MPH) Tony Goodwin to third
|
Batting: RHB Glenn Curtis
|
0-0: Fly out, F8 (Flyball, 8RM, EV 84.4 MPH) Runner from 3rd tags up, SCORES, throw by CF
|
Batting: RHB Pancho Rodríguez
|
0-0: Ground out 5-3 (Groundball, 5, EV 81.2 MPH)
|
Bottom of the 7th over - 1 run, 1 hit, 0 errors, 0 left on base; Montana 3 - Kingston Township 3 |
TOP OF THE 8TH |
Montana Pandas batting - Pitching for Kingston Township Knights : RHP Jesús Acosta
|
Batting: LHB DeMarvion Overshown
|
0-0: SINGLE (Line Drive, 4D, EV 96.2 MPH)
|
Batting: RHB Raúl Ruíz
|
0-0: Ball 1-0: Ball 2-0: Grounds into double play, 5-4-3 (Groundball, 56, EV 105.0 MPH)
|
Batting: RHB Alfredo Pizarro
|
0-0: Called Strike 0-1: Ball 1-1: Called Strike 1-2: Ball 2-2: Foul Ball, location: 2F 2-2: Strikes out looking
|
Top of the 8th over - 0 runs, 1 hit, 0 errors, 0 left on base; Montana 3 - Kingston Township 3 |
BOTTOM OF THE 8TH |
Kingston Township Knights batting - Pitching for Montana Pandas : RHP António Rodríguez
|
Batting: RHB Khal Drogo
|
0-0: Ball 1-0: Foul Ball, location: 2F 1-1: Ball 2-1: Ball 3-1: Swinging Strike 3-2: Foul Ball, location: 2F 3-2: Foul Ball, location: 2F 3-2: Ground out 5-3 (Groundball, 56S, EV 86.2 MPH)
|
Batting: RHB Daniel Maldonado
|
0-0: Ball 1-0: Foul Ball, location: 2F 1-1: Fly out, F9 (Flyball, 9, EV 84.4 MPH)
|
Pitching: RHP Tony Wolfe
|
|
Batting: RHB Holden Ford
|
0-0: Ball 1-0: Foul Ball, location: 2F 1-1: Called Strike 1-2: Strikes out swinging
|
Bottom of the 8th over - 0 runs, 0 hits, 0 errors, 0 left on base; Montana 3 - Kingston Township 3 |
TOP OF THE 9TH |
Montana Pandas batting - Pitching for Kingston Township Knights : RHP Jesús Acosta
|
Batting: LHB Pedro Gutiérrez
|
0-0: Fly out, F2 (Popup, 15S, EV 88.8 MPH)
|
Batting: RHB Kent Summey
|
0-0: Ball 1-0: Ball 2-0: Fly out, F8 (Flyball, 78M, EV 94.4 MPH)
|
Batting: SHB Melito Báez
|
0-0: Called Strike 0-1: SINGLE (Line Drive, 9S, EV 105.0 MPH)
|
Pinch Hitting: LHB William O'Keefe
|
0-0: Ball 1-0: Foul Ball, location: 2F 1-1: DOUBLE (Line Drive, 9LS, EV 100.0 MPH) Melito Báez to third
|
Pinch Runner at 2nd Jin-yong Myung:
|
|
Batting: LHB António González
|
0-0: Foul Ball, location: 2F 0-1: Fly out, F7 (Flyball, 7D, EV 100.0 MPH)
|
Top of the 9th over - 0 runs, 2 hits, 0 errors, 2 left on base; Montana 3 - Kingston Township 3 |
BOTTOM OF THE 9TH |
Kingston Township Knights batting - Pitching for Montana Pandas : RHP Tony Wolfe
|
Now at C: Adrian Rodgers
|
|
Batting: RHB Takenao Wakabayashi
|
0-0: Ball 1-0: Foul Ball, location: 2F 1-1: SINGLE (Line Drive, 34D, EV 98.1 MPH)
|
Batting: RHB Seong-ho Chong
|
0-0: Ball 1-0: Ball 2-0: Swinging Strike 2-1: Foul Ball, location: 2F 2-2: Ball Takenao Wakabayashi steals 2nd base 3-2: Strikes out swinging
|
Batting: LHB Tony Goodwin
|
0-0: Called Strike 0-1: Fly out, F8 (Line Drive, 8LD, EV 93.1 MPH) Runner from 2nd tags up, SAFE at 3rd with throw by CF
|
Batting: RHB Zack McLean
|
0-0: Ball 1-0: Ball 2-0: Foul Ball, location: 2F 2-1: Ball 3-1: Ground out 6-3 (Groundball, 6, EV 81.2 MPH)
|
Bottom of the 9th over - 0 runs, 1 hit, 0 errors, 1 left on base; Montana 3 - Kingston Township 3 |
TOP OF THE 10TH |
Montana Pandas batting - Pitching for Kingston Township Knights : RHP Jesús Acosta
|
Pitching: RHP John Riggleman
|
|
Pinch Hitting: LHB Jérôme Masson
|
0-0: Called Strike 0-1: Ball 1-1: Swinging Strike 1-2: Ball 2-2: Strikes out swinging
|
Batting: LHB DeMarvion Overshown
|
0-0: Ball 1-0: Ball 2-0: Foul Ball, location: 2F 2-1: Ball 3-1: Base on Balls
|
Batting: RHB Raúl Ruíz
|
0-0: Called Strike 0-1: Ball 1-1: Fly out, F9 (Flyball, 9S, EV 83.1 MPH)
|
Batting: RHB Alfredo Pizarro
|
0-0: Ball 1-0: Ball 2-0: Called Strike 2-1: Fly out, F7 (Flyball, 7, EV 87.5 MPH)
|
Top of the 10th over - 0 runs, 0 hits, 0 errors, 1 left on base; Montana 3 - Kingston Township 3 |
BOTTOM OF THE 10TH |
Kingston Township Knights batting - Pitching for Montana Pandas : RHP Tony Wolfe
|
Pitching: RHP Francisco García
|
|
Now in LF: Jérôme Masson
|
|
Batting: RHB Glenn Curtis
|
0-0: Called Strike 0-1: Ground out 2-3 (Groundball, 2L, EV 67.5 MPH)
|
Batting: RHB Pancho Rodríguez
|
0-0: Fly out, F7 (Flyball, 7, EV 91.9 MPH)
|
Batting: RHB Khal Drogo
|
0-0: Ground out 3-1 (Groundball, 34, EV 84.4 MPH)
|
Bottom of the 10th over - 0 runs, 0 hits, 0 errors, 0 left on base; Montana 3 - Kingston Township 3 |
TOP OF THE 11TH |
Montana Pandas batting - Pitching for Kingston Township Knights : RHP John Riggleman
|
Batting: LHB Pedro Gutiérrez
|
0-0: Called Strike 0-1: Ball 1-1: Foul Ball, location: 2F 1-2: Ball 2-2: Foul Ball, location: 2F 2-2: Ball 3-2: Foul Ball, location: 2F 3-2: SINGLE (Groundball, 34D, EV 102.5 MPH)
|
Pitching: RHP Shackleford Stanwick
|
|
Batting: RHB Kent Summey
|
0-0: Ball 1-0: Fly out, F8 (Flyball, 89M, EV 92.5 MPH)
|
Batting: SHB Melito Báez
|
0-0: SINGLE (Groundball, 6MD, EV 94.4 MPH) Pedro Gutiérrez to second
|
Batting: RHB Adrian Rodgers
|
0-0: Ball 1-0: Ball 2-0: Called Strike 2-1: 3-RUN HOME RUN (Line Drive, 78XD, EV 96.9 MPH), Distance : 461 ft
|
Batting: LHB António González
|
0-0: Ball 1-0: Called Strike 1-1: Ball 2-1: Ball 3-1: Foul Ball, location: 2F 3-2: Base on Balls
|
Batting: LHB Jérôme Masson
|
0-0: Ball 1-0: Ball 2-0: Fielders Choice at 2nd, 1-4 (Groundball, 15S, EV 65.6 MPH)
|
Batting: LHB DeMarvion Overshown
|
0-0: Called Strike 0-1: Ball 1-1: Ball 2-1: Fly out, F9 (Flyball, 9, EV 85.6 MPH)
|
Top of the 11th over - 3 runs, 3 hits, 0 errors, 1 left on base; Montana 6 - Kingston Township 3 |
BOTTOM OF THE 11TH |
Kingston Township Knights batting - Pitching for Montana Pandas : RHP Francisco García
|
Batting: RHB Daniel Maldonado
|
0-0: Ball 1-0: Ball 2-0: Ball 3-0: Base on Balls
|
Batting: RHB Holden Ford
|
0-0: Ball 1-0: Ball 2-0: Foul Ball, location: 2F 2-1: Foul Ball, location: 2F 2-2: Fly out, F9 (Line Drive, 9D, EV 91.9 MPH)
|
Batting: RHB Takenao Wakabayashi
|
0-0: Ball 1-0: Grounds into double play, 4-6-3 (Groundball, 4, EV 87.5 MPH)
|
Bottom of the 11th over - 0 runs, 0 hits, 0 errors, 0 left on base; Montana 6 - Kingston Township 3 |
|